 Dungeon Crawl Stone Soup version 0.26.1 (webtiles) character file.

Game seed: 4431235873303971627

983 Gadfly the Chopper (level 7, -3/84 HPs)
             Began as a Demonspawn Berserker on Feb 8, 2021.
             Was an Elder of Trog.
             Slain by an orc warrior
             ... wielding a +0 trident
              (7 damage)
             ... on level 6 of the Dungeon.
             The game lasted 00:09:43 (5544 turns).

Gadfly the Chopper (Demonspawn Berserker)           Turns: 5544, Time: 00:09:45

Health: -3/84      AC: 13    Str: 20    XL:     7   Next: 96%
Magic:  7/7        EV:  8    Int: 12    God:    Trog [****..]
Gold:   275        SH:  5    Dex: 14    Spells: 6/6 levels left

rFire    . . .     SeeInvis .   a - +0 war axe
rCold    . . .     Faith    .   (no shield)
rNeg     . . .     Spirit   .   q - +0 chain mail
rPois    .         Reflect  +   r - +0 helmet
rElec    .         Harm     .   p - +0 cloak
rCorr    .         Rampage  .   (no gloves)
Will     +....                  (no boots)
Stlth    ..........             g - amulet of reflection
HPRegen  1.24/turn              n - ring of willpower
MPRegen  0.10/turn              v - ring of Ixetoac {+Blink Int+4 Dex+2 Stlth+}

@: berserking, very quick
A: talons 1, rugged brown scales 1, powered by death 1, spiny 1
a: Renounce Religion, Evoke Blink, Berserk, Trog's Hand, Brothers in Arms


You were on level 6 of the Dungeon.
You worshipped Trog.
Trog was greatly pleased with you.
You visited 1 branch of the dungeon, and saw 6 of its levels.

You collected 275 gold pieces.

Inventory:

Hand Weapons
 a - a +0 war axe (weapon)
Armour
 p - a +0 cloak (worn)
 q - a +0 chain mail (worn)
 r - a +0 helmet (worn)
Jewellery
 g - an amulet of reflection (around neck)
 h - an uncursed ring of ice
 n - a ring of willpower (left hand)
 v - the ring of Ixetoac (right hand) {+Blink Int+4 Dex+2 Stlth+}
   (You found it on level 5 of the Dungeon)

   [ring of stealth]

   It affects your intelligence (+4).
   It affects your dexterity (+2).
   It lets you blink.
   It makes you more stealthy.
 w - an uncursed amulet of guardian spirit
Wands
 m - a wand of iceblast (7)
 x - a wand of random effects (22)
Scrolls
 b - a scroll of magic mapping
 e - 3 scrolls of remove curse
 j - 2 scrolls of fog
 o - 4 scrolls of teleportation
Potions
 c - 3 potions of curing
 d - 2 potions of might
 f - a potion of degeneration {unknown}
 i - 2 potions of lignification
 k - a potion of brilliance {unknown}
 s - a potion of cancellation


   Skills:
 + Level 4.5 Fighting
 * Level 5.2 Axes
 * Level 4.7 Armour
 - Level 1.7 Dodging
 * Level 4.6 Evocations


You had 6 spell levels left.
You didn't know any spells.
Your spell library was empty.

Dungeon Overview and Level Annotations

Branches:
Dungeon (6/15)
 Temple: D:4-7

Altars:
Dithmenos
Fedhas
Hepliaklqana
Makhleb
Nemelex Xobeh
Ru
Uskayaw
Xom

Annotations:
D:6 Maggie


Innate Abilities, Weirdness & Mutations

You have sharp toenails.
You are partially covered in rugged brown scales. (AC +1, +3% HP)
You regenerate a little health from kills.
You are partially covered in sharp spines.


Message History

The hound stops to sniff the ground.
The hound is struck by your spines. The hound bites you but does no damage.
The orc warrior hits you with a +0 trident!
* * * LOW HITPOINT WARNING * * *
The hound bites you.
* * * LOW HITPOINT WARNING * * *
You are too berserk!
You barely miss the orc warrior.
You claw the orc warrior, but do no damage.
The orc warrior is lightly wounded.
You hit the hound. The hound is struck by your spines.
The hound completely misses you.
You closely miss the orc warrior.
The orc warrior is lightly wounded.
You slash the hound!
You kill the hound!
Trog accepts your kill. You block Maggie's attack.
The orc warrior hits you with a +0 trident!
You die...

#..........#..#### ..
#................###....
#.......#....##..#......
......................#
#.......†............#
###..........#.........
#.........##.#.........
#.....<...##.........#
#.###.#...####†@....#
#.#....# #)o)......
..##.....#.@....... ...
##.............. ....
#.........###.. ###..
.......... . ...
..##...... ..# ##.##...


You could see Maggie and an orc warrior.

Vanquished Creatures
  Sigmund (D:5)
  2 ice beasts (D:5)
  An ogre (D:5)
  A scorpion (D:6)
  2 howler monkeys
  A crimson imp (D:4)
  A centaur zombie (D:4)
  A hound (D:6)
  An orc priest (D:4)
  An iguana (D:5)
  2 worker ants
  Robin (D:4)
  5 gnolls
  6 adders
  2 white imps (D:5)
  3 worms
  2 dart slugs
  5 leopard geckos
  15 orcs
  12 bats
  5 giant cockroaches
  11 goblins
  11 hobgoblins
  13 jackals
  3 quokkas
  2 ball pythons (D:1)
  A frilled lizard (D:1)
  6 kobolds
  A quokka skeleton (D:4)
  12 rats
130 creatures vanquished.

Notes
Turn   | Place    | Note
-------+----------+-------------------------------------------
     0 | D:1      | Gadfly the Demonspawn Berserker began the quest for the
                  | Orb.
     0 | D:1      | Reached XP level 1. HP: 18/18 MP: 1/1
    91 | D:1      | Gained mutation: You are partially covered in rugged brown
                  | scales. (AC +1, +3% HP) [demonic ancestry]
    91 | D:1      | Reached XP level 2. HP: 7/24 MP: 2/2
   496 | D:1      | Reached skill level 1 in Evocations
   501 | D:1      | Reached skill level 3 in Axes
   644 | D:1      | Reached XP level 3. HP: 29/29 MP: 3/3
   651 | D:1      | Reached ** piety under Trog
  1794 | D:2      | Found a blossoming altar of Fedhas.
  2095 | D:2      | Gained mutation: You have sharp toenails. [demonic
                  | ancestry]
  2095 | D:2      | Reached XP level 4. HP: 34/36 MP: 4/4
  2623 | D:3      | Gained mutation: You are partially covered in sharp spines.
                  | [demonic ancestry]
  2623 | D:3      | Reached XP level 5. HP: 42/42 MP: 5/5
  2698 | D:3      | Reached *** piety under Trog
  3267 | D:3      | Found a sparkling altar of Nemelex Xobeh.
  3671 | D:4      | Found a shimmering altar of Xom.
  3672 | D:4      | Found a burning altar of Makhleb.
  3690 | D:4      | Reached skill level 4 in Axes
  3694 | D:4      | Noticed Robin
  3703 | D:4      | Killed Robin
  3704 | D:4      | Reached XP level 6. HP: 45/49 MP: 6/6
  4274 | D:5      | Entered Level 5 of the Dungeon
  4314 | D:5      | Noticed an ice beast
  4325 | D:5      | Killed an ice beast
  4581 | D:5      | Found a sacrificial altar of Ru.
  4594 | D:5      | Gained mutation: You regenerate a little health from kills.
                  | [demonic ancestry]
  4594 | D:5      | Reached XP level 7. HP: 42/55 MP: 7/7
  4741 | D:5      | Found a hide-covered altar of Uskayaw.
  4771 | D:5      | Got a translucent marble ring
  4772 | D:5      | Identified the ring of Ixetoac {+Blink Int+4 Dex+2 Stlth+}
                  | (You found it on level 5 of the Dungeon)
  4839 | D:5      | Noticed Sigmund
  4850 | D:5      | Killed Sigmund
  4850 | D:5      | Reached **** piety under Trog
  5199 | D:5      | Reached skill level 5 in Axes
  5279 | D:5      | Found a shadowy altar of Dithmenos.
  5281 | D:5      | Noticed a shadow
  5283 | D:5      | Found a hazy altar of Hepliaklqana.
  5535 | D:6      | Noticed Maggie
  5542 | D:6      | HP: 3/84 [orc warrior/+0 trident (16)]
  5544 | D:6      | Slain by an orc warrior

Illustrated notes

Levels and vault maps discovered:
D:1:      amcnicky_arrival_double_pillar, layout_basic
D:2:      layout_basic, fedhas_altar_1
D:3:      layout_basic, nemelex_xobeh_ov_fountains_minmay, hex_large,
          minmay_misc_feat_secret_circle, minmay_joined_circles
D:4:      layout_loops_cross, grunt_temple_overflow_champion_of_chaos,
          kennysheep_generic_room_5, uniq_robin
D:5:      layout_loops_ring, riverfiend_overflow_shadow_ancestor,
          kennysheep_mini_moat, hangedman_ru_absence, uniq_sigmund
D:6:      layout_cave_pools, lemuel_round_altar, serial_park,
          serial_park_tiny_pond, serial_park_tiny_2, serial_park_tiny_2,
          serial_shops, shop_fountains, minivault_5, corner_web_ring,
          uniq_pikel, uniq_maggie

Skill      XL: |  1  2  3  4  5  6  7 |
---------------+----------------------+-----
Armour         | 2 3 4 |  4.7
Evocations     | 1 2 3 4 |  4.6
Axes           | 3 4 5 |  5.2
Fighting       | 4 |  4.5
Dodging        | |  1.7

Action                   |  1- 3 |  4- 6 |  7- 9 || total
-------------------------+-------+-------+-------++-------
Melee: Hand axe          |   134 |    74 |       ||   208
       Kick              |       |    45 |     9 ||    54
       War axe           |       |    56 |    41 ||    97
Invok: Berserk           |     2 |     2 |     2 ||     6
  Use: Scroll            |     5 |     2 |     3 ||    10
       Potion            |     3 |     1 |       ||     4
 Stab: Sleeping          |     3 |       |       ||     3
Armor: Animal skin       |    12 |       |       ||    12
       Ring mail         |    55 |    25 |       ||    80
       Chain mail        |       |    23 |    16 ||    39
Dodge: Dodged            |   107 |    61 |    18 ||   186
Block: Other             |       |     4 |     8 ||    12
